3446 views
Uploaded 2020-04-22 19:52:47
Game version 1.32.3
17:16 long 2on2 ladder game on (4)SynergyBigPaved
Saved by zebroni
3446 views
Uploaded 2020-04-22 19:52:47
Game version 1.32.3
17:16 long 2on2 ladder game on (4)SynergyBigPaved
80 units @ 11.5k
/ 1.6k
34 buildings @ 4.3k
/ 1.6k


| Scroll of Regeneration | 2 | 200 |
| Lesser Clarity Potion | 4 | 280 |
| Scroll of Town Portal | 1 | 350 |
| Potion of Lesser Invulnerability | 1 | 150 |
| total: | 8 | 980g |
| Peasant | 8 | 600 | / | 0 |
| Footman | 14 | 1890 | / | 0 |
| Spell Breaker | 5 | 1075 | / | 150 |
| Knight | 10 | 2450 | / | 600 |
| Priest | 5 | 675 | / | 50 |
| Sorceress | 1 | 155 | / | 20 |
| total: | 43 | 6845g | / | 820w |
| Scout Tower | 3 | 90 | / | 60 |
| Arcane Tower | 2 | 140 | / | 100 |
| Altar of Kings | 1 | 180 | / | 50 |
| Barracks | 1 | 160 | / | 60 |
| Farm | 12 | 960 | / | 240 |
| Lumber Mill | 1 | 120 | / | 0 |
| Arcane Vault | 1 | 130 | / | 30 |
| Blacksmith | 1 | 140 | / | 60 |
| Arcane Sanctum | 1 | 150 | / | 140 |
| Keep | 2 | 640 | / | 420 |
| Castle | 2 | 720 | / | 420 |
| total: | 21 | 1930g | / | 640w |
| 0:07 | Peasant |
| 0:07 | Peasant |
| 0:21 | Altar of Kings |
| 0:35 | Barracks |
| 0:39 | Farm |
| 0:40 | Peasant |
| 0:40 | Peasant |
| 0:51 | Peasant |
| 1:14 | Farm |
| 1:16 | Peasant |
| 1:34 | Peasant |
| 1:39 | Scout Tower |
| 1:40 | Footman |
| 1:46 | Farm |
| 2:06 | Footman |
| 2:14 | Footman |
| 2:15 | Arcane Tower |
| 2:34 | Farm |
| 2:39 | Footman |
| 2:39 | Footman |
| 2:46 | Storm Bolt |
| 2:52 | Lumber Mill |
| 3:11 | Peasant |
| 3:38 | Keep |
| 3:50 | Arcane Vault |
| 3:56 | Farm |
| 4:02 | Farm |
| 4:04 | Footman |
| 4:25 | Blacksmith |
| 4:32 | Footman |
| 4:43 | Farm |
| 4:51 | Thunder Clap |
| 5:02 | Footman |
| 5:02 | Footman |
| 5:21 | Scout Tower |
| 5:23 | Farm |
| 5:38 | Iron Plating |
| 5:43 | Scout Tower |
| 5:55 | Scroll of Regeneration |
| 6:32 | Arcane Sanctum |
| 6:38 | Footman |
| 6:48 | Storm Bolt |
| 6:59 | Castle |
| 7:11 | Holy Light |
| 7:13 | Footman |
| 7:14 | Footman |
| 7:48 | Spell Breaker |
| 7:55 | Footman |
| 8:07 | Lesser Clarity Potion |
| 8:16 | Spell Breaker |
| 8:17 | Spell Breaker |
| 8:41 | Spell Breaker |
| 8:55 | Footman |
| 9:19 | Spell Breaker |
| 9:27 | Knight |
| 10:01 | Scroll of Regeneration |
| 10:03 | Lesser Clarity Potion |
| 10:13 | Scroll of Town Portal |
| 10:35 | Knight |
| 10:52 | Priest |
| 11:12 | Knight |
| 11:25 | Priest Adept Training |
| 11:30 | Iron Forged Swords |
| 11:50 | Farm |
| 12:02 | Devotion Aura |
| 12:05 | Knight |
| 12:09 | Sorceress |
| 12:12 | Thunder Clap |
| 12:40 | Knight |
| 12:55 | Farm |
| 13:06 | Priest Master Training |
| 13:42 | Knight |
| 13:42 | Knight |
| 14:20 | Knight |
| 14:39 | Holy Light |
| 14:52 | Farm |
| 14:56 | Farm |
| 15:04 | Lesser Clarity Potion |
| 15:07 | Lesser Clarity Potion |
| 15:20 | Priest |
| 15:20 | Priest |
| 16:00 | Potion of Lesser Invulnerability |
| 16:06 | Priest |
| 16:54 | Priest |
| 16:56 | Knight |
| 16:56 | Knight |

| Staff of Preservation | 1 | 150 |
| Scroll of Town Portal | 2 | 700 |
| Scroll of Healing | 1 | 250 |
| Scroll of Protection | 1 | 150 |
| Wand of Mana Stealing | 1 | 400 |
| total: | 6 | 1650g |
| Wisp | 21 | 1260 | / | 0 |
| Archer | 8 | 1040 | / | 80 |
| Mountain Giant | 6 | 2100 | / | 600 |
| Dryad | 2 | 290 | / | 120 |
| total: | 37 | 4690g | / | 800w |
| Altar of Elders | 1 | 180 | / | 50 |
| Moon Well | 6 | 1080 | / | 240 |
| Ancient of War | 1 | 150 | / | 60 |
| Hunter's Hall | 1 | 210 | / | 100 |
| Ancient of Wonders | 1 | 90 | / | 30 |
| Tree of Life | 1 | 340 | / | 185 |
| Ancient of Lore | 2 | 310 | / | 290 |
| Tree of Ages | 1 | 320 | / | 180 |
| Tree of Eternity | 1 | 330 | / | 200 |
| total: | 13 | 2360g | / | 955w |
| 0:03 | Wisp |
| 0:03 | Wisp |
| 0:09 | Altar of Elders |
| 0:19 | Moon Well |
| 0:20 | Wisp |
| 0:20 | Wisp |
| 0:29 | Wisp |
| 0:29 | Wisp |
| 0:37 | Wisp |
| 0:50 | Wisp |
| 1:02 | Ancient of War |
| 1:04 | Wisp |
| 1:20 | Wisp |
| 1:44 | Moon Well |
| 2:06 | Archer |
| 2:12 | Archer |
| 2:17 | Entangling Roots |
| 2:43 | Archer |
| 2:54 | Tree of Ages |
| 2:58 | Archer |
| 3:30 | Hunter's Hall |
| 3:35 | Archer |
| 3:43 | Moon Well |
| 4:02 | Archer |
| 4:50 | Ancient of Wonders |
| 5:15 | Ultravision |
| 5:16 | Archer |
| 5:17 | Archer |
| 5:58 | Ancient of Lore |
| 5:58 | Ancient of Lore |
| 6:03 | Scroll of Town Portal |
| 6:03 | Staff of Preservation |
| 6:29 | Thorns Aura |
| 6:47 | Wisp |
| 6:47 | Wisp |
| 7:19 | Mountain Giant |
| 7:23 | Tree of Eternity |
| 8:00 | Mountain Giant |
| 8:12 | Moon Well |
| 9:15 | Entangling Roots |
| 9:28 | Mountain Giant |
| 9:45 | Hardened Skin |
| 9:45 | Resistant Skin |
| 10:13 | Tree of Life |
| 10:15 | Wisp |
| 10:15 | Wisp |
| 10:15 | Wisp |
| 10:25 | Well Spring |
| 10:58 | Scroll of Town Portal |
| 11:23 | Moon Well |
| 11:35 | Thorns Aura |
| 11:49 | Reinforced Hides |
| 12:04 | Abolish Magic |
| 12:35 | Wand of Mana Stealing |
| 12:43 | Mountain Giant |
| 13:02 | Moon Well |
| 13:23 | Mountain Giant |
| 13:28 | Wisp |
| 14:25 | Mountain Giant |
| 14:37 | Dryad |
| 14:46 | Wisp |
| 14:46 | Wisp |
| 14:47 | Wisp |
| 14:51 | Entangling Roots |
| 15:07 | Improved Reinforced Hides |
| 15:08 | Advanced Reinforced Hides |
| 15:52 | Scroll of Healing |
| 15:57 | Scroll of Protection |
| 16:03 | Wisp |
| 16:03 | Wisp |
| 16:39 | Dryad |
77 units @ 11k
/ 1k
36 buildings @ 4.4k
/ 1.6k

| Potion of Mana | 1 | 200 |
| Healing Salve | 1 | 100 |
| Potion of Healing | 2 | 300 |
| total: | 4 | 600g |
| Peon | 7 | 525 | / | 0 |
| Grunt | 5 | 1000 | / | 0 |
| Troll Headhunter | 16 | 2240 | / | 320 |
| Shaman | 4 | 520 | / | 80 |
| Troll Berserker | 4 | 560 | / | 80 |
| total: | 36 | 4845g | / | 480w |
| Watch Tower | 2 | 220 | / | 160 |
| Altar of Storms | 1 | 180 | / | 50 |
| Orc Burrow | 6 | 960 | / | 240 |
| Barracks | 2 | 360 | / | 100 |
| War Mill | 1 | 205 | / | 0 |
| Voodoo Lounge | 1 | 130 | / | 30 |
| Spirit Lodge | 1 | 150 | / | 150 |
| Stronghold | 1 | 315 | / | 190 |
| Fortress | 1 | 325 | / | 190 |
| total: | 14 | 2205g | / | 730w |
| 0:02 | Peon |
| 0:02 | Peon |
| 0:05 | Altar of Storms |
| 0:09 | Orc Burrow |
| 0:23 | Peon |
| 0:34 | Barracks |
| 0:43 | Peon |
| 0:59 | Peon |
| 1:30 | Orc Burrow |
| 1:33 | Peon |
| 1:41 | Grunt |
| 2:00 | War Mill |
| 2:05 | Peon |
| 2:21 | Feral Spirit |
| 2:25 | Grunt |
| 3:38 | Troll Headhunter |
| 3:38 | Troll Headhunter |
| 3:41 | Stronghold |
| 3:43 | Steel Ranged Weapons |
| 4:18 | Voodoo Lounge |
| 4:52 | Chain Lighting |
| 5:00 | Troll Headhunter |
| 5:00 | Troll Headhunter |
| 5:00 | Troll Headhunter |
| 5:04 | Orc Burrow |
| 5:06 | Orc Burrow |
| 5:22 | Watch Tower |
| 6:02 | Troll Regeneration |
| 6:53 | Troll Headhunter |
| 6:53 | Troll Headhunter |
| 7:03 | Spirit Lodge |
| 7:06 | Potion of Mana |
| 7:07 | Healing Salve |
| 7:42 | Chain Lighting |
| 8:36 | Troll Headhunter |
| 8:36 | Troll Headhunter |
| 8:39 | Fortress |
| 9:30 | Troll Headhunter |
| 9:30 | Troll Headhunter |
| 9:59 | Shaman Adept Training |
| 10:01 | Steel Armor |
| 10:04 | Troll Headhunter |
| 10:04 | Troll Headhunter |
| 10:19 | Potion of Healing |
| 10:43 | Shaman |
| 10:50 | Barracks |
| 11:18 | Berserker Upgrade |
| 11:19 | Troll Headhunter |
| 11:19 | Troll Headhunter |
| 11:20 | Troll Headhunter |
| 11:39 | Feral Spirit |
| 12:03 | Orc Burrow |
| 12:05 | Troll Berserker |
| 12:10 | Shaman Master Training |
| 12:11 | Shaman |
| 12:11 | Shaman |
| 12:41 | Troll Berserker |
| 13:00 | Orc Burrow |
| 13:09 | Troll Berserker |
| 13:10 | Troll Berserker |
| 14:32 | Grunt |
| 14:32 | Grunt |
| 14:41 | Shaman |
| 15:00 | Steel Melee Weapons |
| 15:08 | Thorium Armor |
| 15:35 | Grunt |
| 16:11 | Watch Tower |
| 16:14 | Thorium Melee Weapons |
| 16:49 | Potion of Healing |


| Scroll of Regeneration | 1 | 100 |
| Scroll of Town Portal | 5 | 1750 |
| total: | 6 | 1850g |
| Peasant | 11 | 825 | / | 0 |
| Footman | 9 | 1215 | / | 0 |
| Rifleman | 12 | 2460 | / | 360 |
| Sorceress | 1 | 155 | / | 20 |
| Priest | 3 | 405 | / | 30 |
| Spell Breaker | 5 | 1075 | / | 150 |
| total: | 41 | 6135g | / | 560w |
| Scout Tower | 5 | 150 | / | 100 |
| Guard Tower | 3 | 210 | / | 150 |
| Barracks | 1 | 160 | / | 60 |
| Farm | 10 | 800 | / | 200 |
| Altar of Kings | 1 | 180 | / | 50 |
| Arcane Vault | 1 | 130 | / | 30 |
| Lumber Mill | 1 | 120 | / | 0 |
| Blacksmith | 1 | 140 | / | 60 |
| Town Hall | 1 | 385 | / | 205 |
| Arcane Sanctum | 1 | 150 | / | 140 |
| Keep | 1 | 320 | / | 210 |
| total: | 22 | 2215g | / | 845w |
| 0:01 | Peasant |
| 0:02 | Peasant |
| 0:08 | Barracks |
| 0:11 | Peasant |
| 0:15 | Farm |
| 0:26 | Altar of Kings |
| 0:41 | Peasant |
| 0:53 | Farm |
| 0:56 | Peasant |
| 1:11 | Footman |
| 1:18 | Peasant |
| 1:32 | Footman |
| 1:38 | Farm |
| 1:48 | Peasant |
| 1:58 | Footman |
| 1:58 | Footman |
| 1:58 | Footman |
| 1:58 | Footman |
| 2:13 | Peasant |
| 2:20 | Footman |
| 2:29 | Summon Water Elemental |
| 2:39 | Footman |
| 2:40 | Scout Tower |
| 2:55 | Peasant |
| 3:27 | Brilliance Aura |
| 3:32 | Peasant |
| 3:38 | Arcane Vault |
| 3:46 | Lumber Mill |
| 4:01 | Peasant |
| 4:16 | Scout Tower |
| 4:17 | Scout Tower |
| 4:20 | Scroll of Regeneration |
| 4:25 | Keep |
| 4:51 | Blacksmith |
| 5:05 | Guard Tower |
| 5:12 | Scout Tower |
| 5:17 | Guard Tower |
| 5:46 | Town Hall |
| 6:03 | Farm |
| 6:06 | Farm |
| 6:40 | Scout Tower |
| 6:42 | Footman |
| 6:48 | Arcane Sanctum |
| 6:50 | Rifleman |
| 7:06 | Guard Tower |
| 7:45 | Rifleman |
| 8:01 | Sorceress |
| 8:03 | Farm |
| 8:14 | Rifleman |
| 8:38 | Rifleman |
| 8:40 | Farm |
| 8:42 | Priest |
| 8:45 | Storm Bolt |
| 9:18 | Rifleman |
| 9:24 | Summon Water Elemental |
| 9:54 | Rifleman |
| 9:55 | Priest |
| 10:09 | Rifleman |
| 10:38 | Priest |
| 10:42 | Farm |
| 10:54 | Long Rifles |
| 10:55 | Priest Adept Training |
| 11:27 | Rifleman |
| 11:58 | Rifleman |
| 12:00 | Spell Breaker |
| 12:10 | Farm |
| 12:11 | Black Gunpowder |
| 12:40 | Bash |
| 12:49 | Farm |
| 12:50 | Spell Breaker |
| 13:00 | Rifleman |
| 13:39 | Rifleman |
| 14:45 | Spell Breaker |
| 15:00 | Spell Breaker |
| 15:01 | Rifleman |
| 15:35 | Scroll of Town Portal |
| 15:35 | Scroll of Town Portal |
| 15:35 | Scroll of Town Portal |
| 15:35 | Scroll of Town Portal |
| 15:35 | Scroll of Town Portal |
| 16:16 | Spell Breaker |